 Dungeon Sprint DCSS version 0.21-a0-110-g8e1637b (webtiles) character file.

11717 Kidiri the Unseen (level 11, 0/56 HPs)
             Began as a Spriggan Enchanter on July 8, 2017.
             Was an Elder of Dithmenos.
             Slain by a sphinx (7 damage)
             ... in the Dungeon (Sprint II: "The Violet Keep of Menkaure").
             The game lasted 00:17:56 (2163 turns).

Kidiri the Unseen (Spriggan Enchanter)              Turns: 2163, Time: 00:17:56

Health: 0/56       AC:  3    Str:  4    XL:     11   Next: 53%
Magic:  29/29      EV: 38    Int: 18    God:    Dithmenos [****..]
Gold:   264        SH:  0    Dex: 22    Spells: 14/36 levels left

rFire    . . .     SeeInvis +   a - +2 dagger
rCold    + . .     Gourm    .   f - +1 buckler
rNeg     . . .     Faith    .   i - +1 robe "Zeangoem" {rC+ Dex+3 Stlth-}
rPois    +         Spirit   .   (helmet restricted)
rElec    +         Reflect  .   (no cloak)
rCorr    .         Harm     .   (gloves unavailable)
MR       +....     NoTele   +   (boots unavailable)
Stlth    ++........             b - amulet of the Air {Inacc +Fly rElec EV+5 RMsl}
HPRegen  0.18/turn              m - ring of poison resistance
MPRegen  0.21/turn              (no ring)

@: confused, wreathed by umbra, repel missiles, very quick
A: unfitting armour, see invisible, herbivore 3, speed 3, electricity
resistance, slow metabolism 2
a: Shadow Step, Renounce Religion, Evoke Flight


You were in the Dungeon.
You worshipped Dithmenos.
Dithmenos was greatly pleased with you.
You were not hungry.

You visited 1 branch You collected 1695 gold pieces.
You spent 1431 gold pieces at shops.

Inventory:

Hand Weapons
 a - a +2 dagger (weapon)
Armour
 f - a +1 buckler (worn)
 i - the +1 robe "Zeangoem" (worn) {rC+ Dex+3 Stlth-}
   (You bought it in a shop in the Dungeon)

   It affects your dexterity (+3).
   It protects you from cold.
   It makes you less stealthy.
Jewellery
 b - the amulet of the Air (around neck) {Inacc +Fly rElec EV+5 RMsl}
   (You bought it in a shop in the Dungeon)

   [amulet of inaccuracy]

   It reduces the accuracy of all your attacks.
   It affects your evasion (+5).
   It insulates you from electricity.
   It lets you fly.
   It protects you from missiles.
 m - a ring of poison resistance (left hand)
Scrolls
 j - a scroll of blinking
 q - 3 scrolls of remove curse
 r - a scroll of fog
 s - a scroll of amnesia
 t - a scroll of recharging
 v - a scroll of fear
Potions
 g - 2 potions of haste
 h - 7 potions of flight
 l - a potion of cancellation
 n - 3 potions of resistance
 o - 3 potions of magic
 x - a potion of agility
Books
 c - a book of Maledictions

   Spells                             Type                      Level
   a - Corona                         Hexes                        1
   b - Ensorcelled Hibernation        Hexes/Ice                    2
   c - Confuse                        Hexes                        3
   d - Tukima's Dance                 Hexes                        3
   e - Dazzling Spray                 Conjuration/Hexes            3
 e - a book of Geomancy

   Spells                             Type                      Level
   a - Sandblast                      Earth                        1
   b - Passwall                       Transmutation/Earth          2
   c - Stone Arrow                    Conjuration/Earth            3
   d - Petrify                        Transmutation/Earth          4
   e - Lee's Rapid Deconstruction     Earth                        5
Comestibles
 d - 3 bread rations
 p - a royal jelly


   Skills:
 + Level 6.2 Fighting
 * Level 11.9 Short Blades
 + Level 5.9 Armour
 * Level 15.3 Dodging
 * Level 16.5 Stealth
 + Level 4.3 Shields
 * Level 13.0 Spellcasting
 + Level 5.3 Conjurations
 + Level 10.1 Hexes
 + Level 2.5 Transmutations
 + Level 6.2 Ice Magic
 + Level 1.7 Earth Magic
 + Level 5.1 Invocations
 + Level 7.1 Evocations


You had 14 spell levels left.
You knew the following spells:

 Your Spells              Type           Power        Failure   Level  Hunger
a - Corona                Hex            #####..      1%          1    None
b - Ensorcelled Hibernat  Hex/Ice        #####.       1%          2    None
c - Confuse               Hex            #####...     1%          3    None
d - Tukima's Dance        Hex            #####...     1%          3    None
e - Dazzling Spray        Conj/Hex       #####.       1%          3    None
f - Passwall              Tmut/Erth      ###.......   4%          2    None
g - Stone Arrow           Conj/Erth      ###...       4%          3    None
h - Lee's Rapid Deconstr  Erth           ###.......   67%         5    ####...


Dungeon Overview and Level Annotations

Branches:
Dungeon (1/1)

Altars:
Cheibriados
Dithmenos
Elyvilon
Fedhas
Gozag
Hepliaklqana
Kikubaaqudgha
Makhleb
Nemelex Xobeh
Okawaru
Qazlal
Ru
Sif Muna
Trog
Uskayaw
Vehumet
Wu Jian
Xom
Yredelemnul
Zin
The Shining One
Beogh
Jiyva
Lugonu

Shops:
D ::!}==%%[}!:?[[(

Annotations:
D exclusions: obsidian statue and oklob plant


Innate Abilities, Weirdness & Mutations

You are very small and have problems with some larger weapons.
You are too small for most types of armour.
You have supernaturally acute eyesight. (SInv)
You are a herbivore.
You cover ground extremely quickly.
You need consume almost no food.
You are resistant to electric shocks. (rElec)


Message History

Unknown command.
You hit the sphinx but do no damage.
The sphinx is lightly wounded.
The sphinx casts a spell.
Something smites you!
* * * LOW HITPOINT WARNING * * *
You see here 27 gold pieces.
Unknown command.
You hit the sphinx but do no damage.
The sphinx is lightly wounded.
Your shadow barely misses the sphinx.
The sphinx completely misses you. The sphinx misses you.
The sphinx completely misses you.
You're too confused to move!
The sphinx hits you!
* * * LOW HITPOINT WARNING * * *
The sphinx hits you.
* * * LOW HITPOINT WARNING * * *
The sphinx closely misses you.
Unknown command.
The sphinx hits you!
You die...

)#▓....).%.▓▓
##▓▓▓▓▓▓▓+▓▓▓▓+▓
≈≈≈≈≈≈≈≈≈...≈≈≈▓
#######+###.≈≈≈▓
_._...#§§§##≈≈≈▓
._._._#§§≈§####▓▓▓▓▓
_._._.#≈≈§§≈##..#§§▓
._._._#§§≈§§§#§.#§§▓
_._._.#§≈§§≈§'§.@H§▓
._._._#≈≈≈≈≈≈#.[#§§▓
.._._.#§§§≈≈≈▓..#§$▓
..._..#§§§≈▓▓▓▓▓▓▓▓▓
#######§≈≈≈▓zz.
≈≈≈≈≈≈§≈≈§≈▓z..
#######≈▓▓▓▓▓▓▓ #▓▓


You could see a sphinx.

Vanquished Creatures
  A deep elf master archer (D)
  A sphinx (D)
  A kraken (D)
  A crystal guardian (D)
  2 death drakes (D)
  2 deep trolls (D)
  2 spiny frogs (D)
  A yaktaur (D)
  3 polar bears (D)
  2 hippogriffs (D)
  3 slime creatures (D)
  A hornet (D)
  2 wyverns (D)
  4 neqoxecs (D)
  Menkaure (D)
  2 swamp drakes (D)
  3 crocodiles (D)
  A hell rat (D)
  4 worker ants (D)
  3 worms (D)
40 creatures vanquished.

Vanquished Creatures (others)
  A crocodile (D)
1 creature vanquished.

Grand Total: 41 creatures vanquished

Notes
Turn   | Place    | Note
-------+----------+-------------------------------------------
     0 | D        | Kidiri the Spriggan Enchanter began the quest for the Orb.
     0 | D        | Reached XP level 1. HP: 9/9 MP: 5/5
     1 | D        | Noticed a neqoxec
     4 | D        | Noticed a hippogriff
     4 | D        | Noticed a hippogriff
    22 | D        | Reached skill level 5 in Stealth
    23 | D        | Reached XP level 2. HP: 14/14 MP: 7/7
    24 | D        | Killed a crocodile
    40 | D        | Learned a level 2 spell: Ensorcelled Hibernation
    80 | D        | Reached skill level 1 in Fighting
    80 | D        | Reached skill level 1 in Armour
    80 | D        | Reached skill level 6 in Stealth
    80 | D        | Reached XP level 3. HP: 18/18 MP: 7/9
    81 | D        | Reached skill level 5 in Dodging
    81 | D        | Reached skill level 1 in Ice Magic
   104 | D        | Learned a level 3 spell: Confuse
   108 | D        | Learned a level 3 spell: Tukima's Dance
   109 | D        | Reached XP level 4. HP: 22/22 MP: 9/11
   111 | D        | Reached skill level 7 in Stealth
   111 | D        | Reached skill level 5 in Spellcasting
   116 | D        | Learned a level 3 spell: Dazzling Spray
   138 | D        | Killed a hippogriff
   138 | D        | Reached skill level 5 in Short Blades
   138 | D        | Reached skill level 9 in Stealth
   138 | D        | Reached skill level 1 in Conjurations
   138 | D        | Reached skill level 5 in Hexes
   138 | D        | Reached XP level 5. HP: 18/27 MP: 8/15
   138 | D        | Reached XP level 6. HP: 21/32 MP: 8/16
   383 | D        | Killed a hippogriff
   383 | D        | Reached skill level 10 in Stealth
   468 | D        | Killed a neqoxec
   468 | D        | Reached XP level 7. HP: 36/36 MP: 19/19
   469 | D        | Noticed a neqoxec
   470 | D        | Killed a neqoxec
   470 | D        | Reached skill level 10 in Dodging
   470 | D        | Reached skill level 11 in Stealth
   471 | D        | Noticed a neqoxec
   471 | D        | Noticed a neqoxec
   481 | D        | Gained mutation: You are resistant to electric shocks. (rElec) [a neqoxec]
   489 | D        | Killed a neqoxec
   491 | D        | Killed a neqoxec
   534 | D        | Noticed an obsidian statue
   536 | D        | Noticed Menkaure
   551 | D        | Killed Menkaure
   551 | D        | Reached XP level 8. HP: 42/42 MP: 2/22
   672 | D        | Found Lextoagg's Antique Weapon Shop.
   673 | D        | Found Hitz's Antique Armour Boutique.
   674 | D        | Found Ythenad's Magic Scroll Boutique.
   674 | D        | Found Akerchikh's Book Shop.
   675 | D        | Found Suvohool's Gadget Shop.
   675 | D        | Found Qiros's Antique Armour Boutique.
   681 | D        | Found Uhoumets's Jewellery Boutique.
   681 | D        | Found Qopamp's Jewellery Shop.
   683 | D        | Found Ivaiwkab's Distillery.
   683 | D        | Found Fiatyfam's Food Shop.
   683 | D        | Found Reugh's Book Boutique.
   684 | D        | Found Kedeuv's Distillery.
   684 | D        | Found Saic's Gadget Boutique.
   685 | D        | Found Gukest's Antique Armour Shop.
   685 | D        | Found Doidgh's Food Boutique.
   687 | D        | Noticed an oklob plant
   688 | D        | Found Ojein's Book Shoppe.
   691 | D        | Noticed a hippogriff
   691 | D        | Noticed a hippogriff
   694 | D        | Noticed a hippogriff
   724 | D        | Bought a buckler for 94 gold pieces
   724 | D        | Bought a slimy robe for 119 gold pieces
   739 | D        | Identified the +1 robe "Zeangoem" {rC+ Dex+3 Stlth-} (You bought it in a shop in the Dungeon)
   744 | D        | Bought the amulet of the Air {Inacc +Fly rElec EV+5 RMsl} for 476 gold pieces
   775 | D        | Found an iron altar of Okawaru.
   775 | D        | Found an opulent altar of Gozag.
   776 | D        | Found a sparkling altar of Nemelex Xobeh.
   776 | D        | Found a blossoming altar of Fedhas.
   777 | D        | Found a radiant altar of Vehumet.
   777 | D        | Found a burning altar of Makhleb.
   777 | D        | Found a white marble altar of Elyvilon.
   778 | D        | Found a hide-covered altar of Uskayaw.
   778 | D        | Found a corrupted altar of Lugonu.
   778 | D        | Found a shadowy altar of Dithmenos.
   779 | D        | Found a glowing silver altar of Zin.
   779 | D        | Found a bloodstained altar of Trog.
   779 | D        | Found an ancient bone altar of Kikubaaqudgha.
   779 | D        | Found a snail-covered altar of Cheibriados.
   780 | D        | Found a basalt altar of Yredelemnul.
   780 | D        | Found a deep blue altar of Sif Muna.
   780 | D        | Found a viscous altar of Jiyva.
   781 | D        | Found a shimmering altar of Xom.
   781 | D        | Found a sacrificial altar of Ru.
   783 | D        | Found a glowing golden altar of the Shining One.
   783 | D        | Found an ornate altar of the Wu Jian Council.
   783 | D        | Found a stormy altar of Qazlal.
   783 | D        | Found a hazy altar of Hepliaklqana.
   783 | D        | Noticed a hornet
   783 | D        | Noticed a polar bear
   784 | D        | Found a roughly hewn altar of Beogh.
   784 | D        | Noticed a yaktaur
   786 | D        | Noticed a polar bear
   791 | D        | Noticed a polar bear
   796 | D        | Killed a polar bear
   796 | D        | Reached skill level 12 in Stealth
   804 | D        | Killed a yaktaur
   804 | D        | Reached skill level 1 in Shields
   813 | D        | Killed a polar bear
   815 | D        | Killed a hornet
   818 | D        | Killed a polar bear
   818 | D        | Reached skill level 10 in Spellcasting
   818 | D        | Reached XP level 9. HP: 32/46 MP: 13/24
   835 | D        | Became a worshipper of Dithmenos the Shadowed
   847 | D        | Noticed a spiny frog
   848 | D        | Noticed a spiny frog
   849 | D        | Killed a spiny frog
   849 | D        | Reached skill level 13 in Stealth
   849 | D        | Reached skill level 1 in Invocations
   849 | D        | Reached skill level 1 in Evocations
   855 | D        | Killed a spiny frog
   870 | D        | Reached * piety under Dithmenos
   884 | D        | Noticed a deep elf master archer
   960 | D        | Reached ** piety under Dithmenos
   965 | D        | Reached skill level 5 in Fighting
  1088 | D        | Noticed a death drake
  1146 | D        | Killed a death drake
  1146 | D        | Reached *** piety under Dithmenos
  1146 | D        | Reached skill level 10 in Short Blades
  1146 | D        | Reached skill level 14 in Stealth
  1146 | D        | Reached skill level 5 in Ice Magic
  1146 | D        | Reached XP level 10. HP: 21/51 MP: 3/26
  1338 | D        | Noticed a death drake
  1338 | D        | Noticed a crystal guardian
  1340 | D        | Killed a death drake
  1341 | D        | Killed a crystal guardian
  1341 | D        | Reached skill level 5 in Armour
  1366 | D        | Noticed a kraken
  1512 | D        | Killed a kraken
  1512 | D        | Reached **** piety under Dithmenos
  1512 | D        | Reached skill level 15 in Stealth
  1512 | D        | Reached skill level 5 in Evocations
  1568 | D        | Noticed an orange crystal statue
  1965 | D        | Killed a deep elf master archer
  1965 | D        | Reached skill level 5 in Conjurations
  1965 | D        | Reached XP level 11. HP: 56/56 MP: 12/28
  2021 | D        | Bought a scroll of enchant weapon for 82 gold pieces
  2021 | D        | Bought a scroll of enchant armour for 82 gold pieces
  2021 | D        | Bought a scroll of identify for 22 gold pieces
  2021 | D        | Bought a scroll of identify for 22 gold pieces
  2026 | D        | Bought a scroll of identify for 22 gold pieces
  2026 | D        | Bought a scroll of identify for 22 gold pieces
  2032 | D        | Bought a book of Geomancy for 490 gold pieces
  2035 | D        | Learned a level 2 spell: Passwall
  2039 | D        | Learned a level 3 spell: Stone Arrow
  2045 | D        | Learned a level 5 spell: Lee's Rapid Deconstruction
  2109 | D        | Noticed a deep troll
  2110 | D        | Noticed a deep troll
  2111 | D        | Killed a deep troll
  2111 | D        | Reached skill level 16 in Stealth
  2111 | D        | Reached skill level 1 in Transmutations
  2113 | D        | Killed a deep troll
  2113 | D        | Reached skill level 15 in Dodging
  2113 | D        | Reached skill level 1 in Earth Magic
  2136 | D        | Noticed a sphinx
  2136 | D        | Noticed a sphinx
  2146 | D        | Killed a sphinx
  2146 | D        | Reached skill level 10 in Hexes
  2146 | D        | Reached skill level 5 in Invocations
  2163 | D        | Slain by a sphinx

Vault maps used:
D:        the_violet_keep_of_menkaure

Skill      XL: |  1  2  3  4  5  6  7  8  9 10 11 |
---------------+----------------------------------+-----
Spellcasting   | 3 4 6 7 9 10 11 12 13 | 13.0
Stealth        | 5 6 9 10 11 12 14 15 16 | 16.5
Short Blades   | 2 3 5 6 7 9 10 11 | 11.9
Dodging        | 4 5 8 9 10 12 13 14 15 | 15.3
Hexes          | 4 5 6 7 8 9 10 | 10.1
Fighting       | 1 2 3 4 5 6 |  6.2
Armour         | 1 2 3 4 5 |  5.9
Ice Magic      | 1 2 3 4 5 6 |  6.2
Conjurations   | 1 2 3 4 5 |  5.3
Shields        | 1 2 3 4 |  4.3
Invocations    | 2 4 5 |  5.1
Evocations     | 3 6 7 |  7.1
Transmutations | 2 |  2.5
Earth Magic    | 1 |  1.7

Action                   |  1- 3 |  4- 6 |  7- 9 | 10-12 || total
-------------------------+-------+-------+-------+-------++-------
Melee: Dagger            |    14 |    17 |    53 |    36 ||   120
Throw: Throwing net      |       |       |       |     1 ||     1
 Cast: Ensorcelled Hiber |       |     8 |    20 |     5 ||    33
       Dazzling Spray    |       |     4 |    18 |    12 ||    34
       Confuse           |       |     3 |    10 |     3 ||    16
Invok: Shadow Step       |       |       |       |     3 ||     3
 Abil: Evoke Flight      |       |       |       |     4 ||     4
  Use: Potion            |     1 |     2 |     2 |     1 ||     6
       Scroll            |       |       |       |    15 ||    15
 Stab: Sleeping          |     4 |     3 |    13 |     9 ||    29
       Invisible         |       |     2 |     3 |     4 ||     9
       Confused          |       |       |     7 |     2 ||     9
Armor: Robe              |       |     4 |     1 |     2 ||     7
Dodge: Dodged            |     4 |    39 |    47 |    62 ||   152
       Deflected         |       |       |     1 |     3 ||     4
Block: Buckler           |       |       |     7 |    13 ||    20
